 Dungeon Crawl Stone Soup version 0.30.0-29-ga12c61a403 (webtiles) character file.

Game seed: 879341147889923654

33349 qw the Cleaver (level 13, -5/82 HPs)
             Began as a Gargoyle Fighter on June 4, 2023.
             Was an Elder of Okawaru.
             Killed from afar by a rime drake (32 damage)
             ... with an icy flash freeze
             ... on level 5 of the Lair of Beasts.
             The game lasted 00:07:27 (13709 turns).

qw the Cleaver (Gargoyle Fighter)                  Turns: 13709, Time: 00:07:28

Health: -5/82      AC: 41    Str: 25    XL:     13   Next: 70%
Magic:  19/20      EV: 12    Int:  9    God:    Okawaru [****..]
Gold:   632        SH: 14    Dex: 15    Spells: 12/12 levels left

rFire   . . .        Y - +3 war axe (flame)
rCold   . . .        y - +0 kite shield
rNeg    + + .        n - +8 chain mail of the Lion {rN+ Dex+2}
rPois   inf          m - +2 helmet
rElec   +            t - +0 cloak
rCorr   .            z - +2 pair of gloves of Starshine {rElec Dex+4}
SInv    +            p - +0 pair of boots
Will    .....        (no amulet) Stlth
                     l - ring of see invisible
HPRegen 0.33/turn    v - +4 ring of slaying {mikee}
MPRegen 0.17/turn

%: no passive effects
@: heroic, very slow
A: sickness immunity, AC +9, negative energy resistance 1, electricity
resistance, torment resistance 1, petrification resistance
a: Renounce Religion, Heroism, Finesse


You were on level 5 of the Lair of Beasts.
You worshipped Okawaru.
Okawaru was greatly pleased with you.
You visited 3 branches of the dungeon, and saw 15 of its levels.

You collected 1009 gold pieces.
You spent 377 gold pieces at shops.


Innate Abilities, Weirdness & Mutations

You are immune to sickness and miasma.
Your stone body is resilient. (AC +9)
You are immune to poison.
You resist negative energy. (rN+)
You are resistant to electric shocks. (rElec)
You are resistant to unholy torment.
You are immune to petrification.


   Skills:
 - Level 10.0(15.0) Fighting
 + Level 13.3(18.3) Axes
 - Level 3.6(8.6) Throwing
 - Level 9.0(14.0) Armour
 - Level 3.1(8.1) Dodging
 - Level 11.0(16.0) Shields
 - Level 10.0 Invocations


You had 12 spell levels left.
You didn't know any spells.
Your spell library was empty.

Inventory:

Hand Weapons
 Y - a +3 war axe of flaming (weapon)
Missiles
 w - 3 boomerangs (quivered)
Armour
 c - +0 ice dragon scales
 j - +0 acid dragon scales
 m - a +2 helmet (worn)
 n - the +8 chain mail of the Lion (worn) {rN+ Dex+2}
   (You found it on level 3 of the Lair of Beasts)

   Dex:       It affects your dexterity (+2).
   rN:        It protects you from negative energy.
 p - a +0 pair of boots (worn)
 t - a +0 cloak (worn)
 y - a +0 kite shield (worn)
 z - the +2 pair of gloves of Starshine (worn) {rElec Dex+4}
   (You bought it in a shop on level 9 of the Dungeon)

   Dex:       It affects your dexterity (+4).
   rElec:     It insulates you from electricity.
Jewellery
 g - a ring of ice
 l - a ring of see invisible (left hand)
 v - a +4 ring of slaying (right hand) {mikee}
Scrolls
 i - 3 scrolls of identify
 x - 7 scrolls of teleportation
Potions
 a - 5 potions of curing
 b - a potion of cancellation
 d - 5 potions of might
 e - 2 potions of attraction
 f - 2 potions of resistance
 h - a potion of lignification
 k - 3 potions of magic
 o - 2 potions of haste
 q - a potion of experience {unknown}
 r - a potion of mutation

Dungeon Overview and Level Annotations

Branches:
Dungeon (9/15)             Temple (1/1) D:5            Lair (5/5) D:9
 Shoals (0/4) Lair:2        Snake (0/4) Lair:3        Slime (0/5) Lair:4
    Orc: D:9-12

Altars:
Ashenzari
Cheibriados
Dithmenos
Elyvilon
Fedhas
Gozag
Hepliaklqana
Kikubaaqudgha
Makhleb
Nemelex Xobeh
Okawaru
Qazlal
Ru
Sif Muna
Trog
Uskayaw
Vehumet
Wu Jian
Xom
Yredelemnul
Zin
The Shining One

Shops:
D:9 [

Annotations:
D:3 3 runed translucent doors, qw's ghost, amateur GrFi
D:4 2 transporters, qw's ghost, amateur GrFi


Message History

The hornet is lightly wounded.
You completely miss the rime drake.
You hear an angry growl.
The hornet stings you but does no damage.
The rime drake bites you but does no damage.
You slash the hornet! You burn the hornet.
The hornet is heavily wounded.
You slash the rime drake! You burn the rime drake.
The ice encasing you melts away. You block the hornet's attack.
A rime drake comes into view.
You block the rime drake's attack.
The hornet stings you but does no damage.
You closely miss the hornet.
The hornet is heavily wounded.
The rime drake hisses angrily.
You hit the rime drake. You burn the rime drake. You block the hornet's attack.
The rime drake breathes ice at you. The icy flash freeze hits you!
You are encased in ice.
Your unstable footing causes you to fumble your attack.
The harpy claws you! The harpy barely misses you.
You block the hornet's attack. You block the rime drake's attack.
You miss the hornet.
The hornet is heavily wounded.
You hit the rime drake. You burn the rime drake. You hit the harpy.
You burn the harpy. The harpy claws you but does no damage.
You block the harpy's attack. The hornet stings you.
Your unstable footing causes you to fumble your attack.
The ice encasing you melts away.
The rime drake bites you but does no damage.
The hornet completely misses you.
Your unstable footing causes you to fumble your attack.
The hornet barely misses you. You block the rime drake's attack.
The harpy closely misses you. You block the harpy's attack.
The rime drake breathes ice at you. The icy flash freeze hits you!!
You die...

.~.. ~#~ P# k~P~~## ~.
.~~~ ~#~.~~~ ###
####l#~~##.#
~~~#}~kk~.#.~}# #
~~#~#~~@y~.~~~~# .# .~P
#~~~.~~~H~~~~~~#
.###..##~#~#~#~~~#####8.#
###..~~#.#~~~~~~#~|~:#~~#
#.#...~~~~P8~~~~~~~~~~~~#
......~~~~~.~~~.P~~~=~~~#
.....~#~~#~~~~P~~[})~#~~#
......~#~#~#P#.8######.~#
.....~~~~#~~~#~~.~~~~~~~#


You could see a komodo dragon, a harpy, 3 rime drakes and a hornet.

Vanquished Creatures
  A catoblepas (Lair:2)
  A boulder beetle (Lair:3)
  A merfolk avatar (Lair:5)
  A two-headed ogre (D:9)
  A death yak (Lair:3)
  A bog body (Lair:3)
  3 black mambas
  6 elephants (Lair:4)
  An ice statue (Lair:3)
  A torpor snail (Lair:4)
  8 cane toads
  4 rime drakes
  9 komodo dragons
  An ice devil (Lair:3)
  6 polar bears
  A hornet (Lair:5)
  14 blink frogs
  2 snapping turtles
  Sigmund (D:3)
  A wraith (D:9)
  7 wyverns
  6 basilisks
  42 yaks
  2 steam dragons
  4 humans (D:6)
  Edmund (D:6)
  3 nagas (Lair:3)
  14 water moccasins
  An acid dragon (D:7)
  2 orc warriors (D:9)
  A sky beast (D:7)
  6 ogres
  13 wolves
  2 kobold brigands (D:9)
  9 bullfrogs
  4 scorpions
  2 two-headed ogre simulacra (Lair:3)
  8 killer bees (D:9)
  3 electric eels
  12 hounds
  6 jellies
  A gnoll bouda (D:4)
  7 orc priests
  Jessica (D:3)
  2 sleepcaps
  6 iguanas
  8 orc wizards
  7 hell rats (Lair:4)
  A troll simulacrum (Lair:3)
  A scorpion zombie (D:3)
  A hound zombie (D:3)
  A mummy (D:3)
  18 gnolls
  6 adders
  2 naga simulacra (Lair:3)
  2 shadow imps
  2 white imps
  An ufetubus (D:4)
  2 worms
  3 dart slugs
  30 orcs
  9 endoplasms
  2 giant cockroaches
  10 goblins
  7 hobgoblins
  9 kobolds
  3 quokkas
  5 ball pythons
  5 bats
  3 frilled lizards
  4 rats
371 creatures vanquished.

Notes
Turn   | Place    | Note
-------+----------+-------------------------------------------
     0 | D:1      | qw the Gargoyle Fighter began the quest for the Orb.
     0 | D:1      | Reached XP level 1. HP: 14/14 MP: 1/1
     0 | D:1      | 0 ||| qw: Version: 0.2-a-103-g5a998e5
     0 | D:1      | 0 ||| qw: Game counter: 1130
     0 | D:1      | 0 ||| qw: Always use a shield: true
     0 | D:1      | 0 ||| qw: God list: Okawaru
     0 | D:1      | 0 ||| qw: Allow faded altars: false
     0 | D:1      | 0 ||| qw: Do Orc after D:15 true
     0 | D:1      | 0 ||| qw: Do second Lair branch before Depths: true
     0 | D:1      | 0 ||| qw: Lair rune preference: random
     0 | D:1      | 0 ||| qw: Plans: Normal, Zot:1-4, Slime:5, God:TSO, Crypt,
                  | Tomb, Pan, Hells, Abyss, Win
     0 | D:1      | 0 ||| PLANNING D:1-11
    78 | D:1      | Reached skill level 2 in Axes
   148 | D:1      | Reached XP level 2. HP: 19/19 MP: 2/2
   344 | D:1      | 344 ||| Stepping ~*~*~tactically~*~*~ (hiding).
   434 | D:1      | Found a faded altar of an unknown god.
   441 | D:1      | Reached skill level 3 in Axes
   486 | D:1      | 486 ||| Stepping ~*~*~tactically~*~*~ (stealth).
   487 | D:1      | 487 ||| Stepping ~*~*~tactically~*~*~ (stealth).
   490 | D:1      | Reached XP level 3. HP: 23/23 MP: 3/3
   670 | D:1      | 670 ||| UPGRADING to +1 helmet.
   675 | D:1      | 675 ||| UPGRADING to +2 helmet.
   685 | D:1      | 685 ||| DROPPING +1 helmet.
   686 | D:1      | 686 ||| READING scroll labelled CUCKAPSEFYQ.
   687 | D:1      | 687 ||| READING scroll labelled FUIG HE RUTOSM.
   688 | D:1      | 688 ||| DROPPING +0 club.
   689 | D:1      | 689 ||| READING scroll labelled BEASEI BERA.
   742 | D:2      | Found a shimmering altar of Xom.
  1408 | D:2      | 1408 ||| READING 4 scrolls labelled OREHUUN YDUGEKK.
  1409 | D:2      | 1409 ||| DROPPING 3 scrolls of noise.
  1564 | D:3      | Reached XP level 4. HP: 28/28 MP: 4/4
  1678 | D:3      | Found a snail-covered altar of Cheibriados.
  1681 | D:3      | Noticed Jessica
  1686 | D:3      | Reached skill level 4 in Axes
  1694 | D:3      | 1694 ||| FLEEEEING.
  1700 | D:3      | 1700 ||| FLEEEEING.
  1701 | D:3      | 1701 ||| FLEEEEING.
  1702 | D:3      | 1702 ||| FLEEEEING.
  1703 | D:3      | 1703 ||| FLEEEEING.
  1704 | D:3      | 1704 ||| FLEEEEING.
  1705 | D:3      | 1705 ||| FLEEEEING.
  1706 | D:3      | 1706 ||| FLEEEEING.
  1707 | D:3      | 1707 ||| FLEEEEING.
  1708 | D:3      | 1708 ||| FLEEEEING.
  1709 | D:3      | 1709 ||| FLEEEEING.
  1710 | D:3      | 1710 ||| FLEEEEING.
  1711 | D:3      | 1711 ||| FLEEEEING.
  1712 | D:3      | 1712 ||| FLEEEEING.
  1723 | D:3      | 1723 ||| FLEEEEING.
  1729 | D:3      | Killed Jessica
  1730 | D:3      | Reached XP level 5. HP: 26/32 MP: 5/5
  1772 | D:3      | Found a runed translucent gate.
  1772 | D:3      | Found a runed translucent gate.
  1772 | D:3      | Found a runed translucent gate.
  1772 | D:3      | Noticed qw's ghost (amateur GrFi)
  1823 | D:3      | Noticed Sigmund
  1824 | D:3      | 1824 ||| Stepping ~*~*~tactically~*~*~ (hiding).
  1826 | D:3      | 1826 ||| Stepping ~*~*~tactically~*~*~ (hiding).
  1841 | D:3      | Killed Sigmund
  1842 | D:3      | Reached skill level 5 in Axes
  1842 | D:3      | Reached XP level 6. HP: 29/37 MP: 6/6
  1843 | D:3      | Reached skill level 6 in Axes
  2109 | D:3      | 2109 ||| READING scroll labelled ITUORGH HIUTO.
  2148 | D:3      | Found a basalt altar of Yredelemnul.
  2149 | D:3      | 2149 ||| READING 4 scrolls labelled ACAUST MESMI.
  2150 | D:3      | 2150 ||| READING scroll labelled OGETUYPUSS.
  2151 | D:3      | 2151 ||| FLEEEEING.
  2153 | D:3      | 2153 ||| FLEEEEING.
  2154 | D:3      | 2154 ||| FLEEEEING.
  2155 | D:3      | 2155 ||| FLEEEEING.
  2157 | D:3      | 2157 ||| FLEEEEING.
  2158 | D:3      | 2158 ||| FLEEEEING.
  2159 | D:3      | 2159 ||| FLEEEEING.
  2160 | D:3      | 2160 ||| FLEEEEING.
  2161 | D:3      | 2161 ||| FLEEEEING.
  2162 | D:3      | 2162 ||| FLEEEEING.
  2163 | D:3      | 2163 ||| FLEEEEING.
  2164 | D:3      | 2164 ||| FLEEEEING.
  2165 | D:3      | 2165 ||| FLEEEEING.
  2166 | D:3      | 2166 ||| FLEEEEING.
  2167 | D:3      | 2167 ||| STAIRDANCE
  2269 | D:2      | 2269 ||| READING 3 scrolls of identify.
  2269 | D:2      | 2269 ||| IDENTIFYING sedimented puce potion
  2270 | D:2      | 2270 ||| READING 2 scrolls of identify.
  2270 | D:2      | 2270 ||| IDENTIFYING amethyst potion
  2273 | D:3      | 2273 ||| STAIRDANCE
  2294 | D:3      | 2294 ||| STAIRDANCE
  2620 | D:4      | Reached skill level 1 in Dodging
  2680 | D:4      | Noticed qw's ghost (amateur GrFi)
  2687 | D:4      | Found a transporter.
  2690 | D:4      | Found a transporter.
  2697 | D:4      | HP: 9/38 [orc priest/divine providence (14)]
  2703 | D:4      | Reached XP level 7. HP: 9/43 MP: 7/7
  2874 | D:4      | 2874 ||| Stepping ~*~*~tactically~*~*~ (hiding).
  3008 | D:4      | Reached skill level 7 in Axes
  3427 | D:4      | 3427 ||| DROPPING +6 ring of intelligence.
  3428 | D:4      | 3428 ||| READING scroll labelled YXZOVO LIDE.
  3429 | D:4      | 3429 ||| DRINKING 2 bubbling clear potions.
  3430 | D:4      | 3430 ||| READING 3 scrolls of identify.
  3430 | D:4      | 3430 ||| IDENTIFYING glowing silvery potion
  3431 | D:4      | 3431 ||| READING 2 scrolls of identify.
  3431 | D:4      | 3431 ||| IDENTIFYING silvery potion
  3443 | D:5      | Entered Level 5 of the Dungeon
  3510 | D:5      | Found a stormy altar of Qazlal.
  3533 | D:5      | Reached skill level 1 in Throwing
  3533 | D:5      | Reached XP level 8. HP: 30/49 MP: 8/8
  3838 | D:5      | 3838 ||| Stepping ~*~*~tactically~*~*~ (hiding).
  4054 | D:5      | Found a staircase to the Ecumenical Temple.
  4055 | D:5      | 4055 ||| PLANNING TEMPLE
  4066 | D:5      | Reached skill level 8 in Axes
  4074 | D:5      | 4074 ||| UPGRADING to +0 pair of gloves.
  4079 | D:5      | 4079 ||| READING scroll labelled CURREBANORR.
  4080 | D:5      | 4080 ||| READING scroll labelled HUEVUC NUFARAR.
  4081 | D:5      | 4081 ||| DRINKING 2 sapphire potions.
  4088 | Temple   | Entered the Ecumenical Temple
  4092 | Temple   | 4092 ||| PLANNING OKAWARU WORSHIP
  4182 | Temple   | Became a worshipper of Warmaster Okawaru
  4182 | Temple   | 4182 ||| PLANNING D:1-11
  4370 | D:5      | Reached skill level 6 in Fighting
  4391 | D:5      | 4391 ||| Stepping ~*~*~tactically~*~*~ (stealth).
  4563 | D:5      | Identified the +6 mace of Woic {heavy, rElec}
  4580 | D:5      | 4580 ||| UPGRADING to +0 chain mail.
  4590 | D:5      | 4590 ||| DROPPING +0 scale mail.
  4591 | D:5      | 4591 ||| UPGRADING to ring of see invisible.
  4637 | D:6      | 4637 ||| READING scroll of enchant armour.
  4637 | D:6      | 4637 ||| ENCHANTING +0 pair of gloves.
  4878 | D:6      | Reached * piety under Okawaru
  4879 | D:6      | Reached skill level 9 in Axes
  4879 | D:6      | Reached XP level 9. HP: 46/55 MP: 9/9
  4945 | D:6      | 4945 ||| Stepping ~*~*~tactically~*~*~ (hiding).
  4946 | D:6      | 4946 ||| Stepping ~*~*~tactically~*~*~ (hiding).
  4950 | D:6      | 4950 ||| INVOKING Heroism.
  4951 | D:6      | 4951 ||| INVOKING Heroism.
  5026 | D:6      | 5026 ||| INVOKING Heroism.
  5106 | D:6      | Noticed Edmund
  5127 | D:6      | Killed Edmund
  5192 | D:6      | 5192 ||| INVOKING Heroism.
  5214 | D:6      | 5214 ||| INVOKING Heroism.
  5286 | D:6      | 5286 ||| Stepping ~*~*~tactically~*~*~ (hiding).
  5324 | D:6      | 5324 ||| INVOKING Heroism.
  5494 | D:6      | 5494 ||| INVOKING Heroism.
  5599 | D:6      | Reached skill level 1 in Invocations
  5605 | D:6      | 5605 ||| FLEEEEING.
  5606 | D:6      | 5606 ||| FLEEEEING.
  5607 | D:6      | 5607 ||| FLEEEEING.
  5608 | D:6      | 5608 ||| FLEEEEING.
  5609 | D:6      | 5609 ||| FLEEEEING.
  5610 | D:6      | 5610 ||| FLEEEEING.
  5611 | D:6      | 5611 ||| FLEEEEING.
  5832 | D:6      | Found a shimmering altar of Xom.
  5880 | D:6      | 5880 ||| DROPPING scarf of shadows.
  5881 | D:6      | 5881 ||| READING scroll labelled KIN ATEHYASHEDD.
  5882 | D:6      | 5882 ||| READING scroll labelled ZUCWAS AKHANUO.
  5883 | D:6      | 5883 ||| READING scroll labelled UBIGICZ KACZI.
  5884 | D:6      | 5884 ||| DRINKING 2 puce potions.
  5885 | D:6      | 5885 ||| DRINKING 2 grey potions.
  5886 | D:6      | 5886 ||| READING 2 scrolls of identify.
  5886 | D:6      | 5886 ||| IDENTIFYING coppery potion
  5887 | D:6      | 5887 ||| DROPPING potion of brilliance.
  5888 | D:6      | 5888 ||| DROPPING potion of degeneration.
  5914 | D:7      | 5914 ||| Stepping ~*~*~tactically~*~*~ (stealth).
  5915 | D:7      | 5915 ||| Stepping ~*~*~tactically~*~*~ (hiding).
  5917 | D:7      | 5917 ||| INVOKING Heroism.
  5919 | D:7      | 5919 ||| Stepping ~*~*~tactically~*~*~ (hiding).
  5925 | D:7      | Reached skill level 3 in Invocations
  5926 | D:7      | Reached skill level 10 in Axes
  5926 | D:7      | 5926 ||| DRINKING 3 potions of curing.
  5926 | D:7      | 5926 ||| (to cure confusion)
  5934 | D:7      | HP: 7/57 [orc priest/divine providence (13)]
  5935 | D:7      | 5935 ||| READING scroll of teleportation.
  5936 | D:7      | 5936 ||| DRINKING potion of heal wounds.
  5937 | D:7      | 5937 ||| INVOKING Heroism.
  6110 | D:7      | Reached XP level 10. HP: 63/63 MP: 12/12
  6286 | D:7      | 6286 ||| INVOKING Heroism.
  6292 | D:7      | 6292 ||| DRINKING 2 potions of curing.
  6292 | D:7      | 6292 ||| (to cure confusion)
  6573 | D:7      | 6573 ||| INVOKING Heroism.
  6797 | D:7      | 6797 ||| UPGRADING to +0 cloak.
  6802 | D:7      | 6802 ||| READING 2 scrolls labelled COTRIE AWEN.
  6803 | D:7      | 6803 ||| DROPPING scroll of fear.
  6981 | D:8      | 6981 ||| Stepping ~*~*~tactically~*~*~ (stealth).
  6984 | D:8      | 6984 ||| Stepping ~*~*~tactically~*~*~ (stealth).
  7080 | D:8      | 7080 ||| Stepping ~*~*~tactically~*~*~ (hiding).
  7456 | D:9      | Reached skill level 6 in Armour
  7520 | D:9      | 7520 ||| FLEEEEING.
  7521 | D:9      | 7521 ||| STAIRDANCE
  7723 | D:9      | 7723 ||| INVOKING Heroism.
  7800 | D:9      | Found a staircase to the Lair.
  7813 | D:9      | 7813 ||| Stepping ~*~*~tactically~*~*~ (hiding).
  7823 | D:9      | 7823 ||| Stepping ~*~*~tactically~*~*~ (stealth).
  7843 | D:9      | Reached skill level 11 in Axes
  7859 | D:9      | Noticed a two-headed ogre
  7860 | D:9      | 7860 ||| INVOKING Heroism.
  7870 | D:9      | Killed a two-headed ogre
  7870 | D:9      | Reached ** piety under Okawaru
  7871 | D:9      | Reached skill level 3 in Dodging
  7947 | D:9      | 7947 ||| Stepping ~*~*~tactically~*~*~ (stealth).
  8038 | D:9      | 8038 ||| INVOKING Heroism.
  8127 | D:9      | Found Ybluc's Antique Armour Emporium.
  8129 | D:9      | 8129 ||| Stepping ~*~*~tactically~*~*~ (stealth).
  8131 | D:9      | 8131 ||| Stepping ~*~*~tactically~*~*~ (hiding).
  8151 | D:9      | 8151 ||| BUYING kite shield (121 gold).
  8151 | D:9      | Bought a kite shield for 121 gold pieces
  8151 | D:9      | 8151 ||| BUYING pair of warped gloves (256 gold).
  8151 | D:9      | Bought a pair of warped gloves for 256 gold pieces
  8151 | D:9      | Identified the +2 pair of gloves of Starshine {rElec Dex+4}
                  | (You bought it in a shop on level 9 of the Dungeon)
  8151 | D:9      | 8151 ||| SHOPLISTING shiny chain mail (202 gold, have 49).
  8165 | D:9      | 8165 ||| INVOKING Heroism.
  8170 | D:9      | Reached XP level 11. HP: 66/69 MP: 11/14
  8172 | D:9      | Reached skill level 9 in Fighting
  8291 | D:9      | Found a blossoming altar of Fedhas.
  8291 | D:9      | Found a glowing silver altar of Zin.
  8524 | D:9      | 8524 ||| PLANNING LAIR
  8524 | D:9      | 8524 ||| UPGRADING to +0 plate armour.
  8534 | D:9      | 8534 ||| DROPPING +0 chain mail.
  8535 | D:9      | 8535 ||| UPGRADING to +0 kite shield.
  8545 | D:9      | 8545 ||| DROPPING +0 buckler.
  8546 | D:9      | 8546 ||| UPGRADING to +2 pair of gloves of Starshine {rElec
                  | Dex+4}.
  8556 | D:9      | 8556 ||| DROPPING +1 pair of gloves.
  8557 | D:9      | 8557 ||| UPGRADING to +4 ring of slaying {mikee}.
  8558 | D:9      | 8558 ||| READING 3 scrolls of identify.
  8558 | D:9      | 8558 ||| IDENTIFYING metallic green potion
  8559 | D:9      | 8559 ||| READING 2 scrolls of identify.
  8559 | D:9      | 8559 ||| IDENTIFYING ruby potion
  8560 | D:9      | 8560 ||| DROPPING potion of flight.
  8584 | Lair:1   | Entered Level 1 of the Lair of Beasts
  8598 | Lair:1   | 8598 ||| Stepping ~*~*~tactically~*~*~ (stealth).
  8604 | Lair:1   | 8604 ||| INVOKING Heroism.
  8610 | Lair:1   | Reached skill level 6 in Shields
  8690 | Lair:1   | 8690 ||| Stepping ~*~*~tactically~*~*~ (stealth).
  8699 | Lair:1   | 8699 ||| Stepping ~*~*~tactically~*~*~ (stealth).
  8701 | Lair:1   | 8701 ||| INVOKING Heroism.
  8765 | Lair:1   | 8765 ||| INVOKING Heroism.
  8771 | Lair:1   | Reached *** piety under Okawaru
  8781 | Lair:1   | Reached skill level 9 in Shields
  8783 | Lair:1   | HP: 16/71 [yak (12)]
  8784 | Lair:1   | 8784 ||| READING 3 scrolls of teleportation.
  8785 | Lair:1   | 8785 ||| INVOKING Heroism.
  8786 | Lair:1   | HP: 6/71 [komodo dragon (11)]
  8790 | Lair:1   | 8790 ||| Stepping ~*~*~tactically~*~*~ (hiding).
  8791 | Lair:1   | 8791 ||| READING 2 scrolls of teleportation.
  8861 | Lair:1   | 8861 ||| Stepping ~*~*~tactically~*~*~ (stealth).
  8874 | Lair:1   | 8874 ||| INVOKING Heroism.
  9044 | Lair:1   | 9044 ||| Stepping ~*~*~tactically~*~*~ (stealth).
  9046 | Lair:1   | 9046 ||| Stepping ~*~*~tactically~*~*~ (hiding).
  9191 | Lair:1   | 9191 ||| INVOKING Heroism.
  9342 | Lair:1   | 9342 ||| INVOKING Heroism.
  9608 | Lair:1   | 9608 ||| READING 2 scrolls of identify.
  9608 | Lair:1   | 9608 ||| IDENTIFYING fuming yellow potion
  9648 | Lair:2   | 9648 ||| INVOKING Heroism.
  9703 | Lair:2   | 9703 ||| INVOKING Heroism.
  9850 | Lair:2   | Reached **** piety under Okawaru
  9851 | Lair:2   | Reached XP level 12. HP: 76/76 MP: 15/15
  9965 | Lair:2   | 9965 ||| Stepping ~*~*~tactically~*~*~ (stealth).
  9970 | Lair:2   | Received a gift from Okawaru
  9981 | Lair:2   | 9981 ||| Stepping ~*~*~tactically~*~*~ (stealth).
  9983 | Lair:2   | 9983 ||| Stepping ~*~*~tactically~*~*~ (stealth).
 10028 | Lair:2   | 10028 ||| Stepping ~*~*~tactically~*~*~ (stealth).
 10035 | Lair:2   | 10035 ||| Stepping ~*~*~tactically~*~*~ (stealth).
 10036 | Lair:2   | 10036 ||| Stepping ~*~*~tactically~*~*~ (stealth).
 10038 | Lair:2   | 10038 ||| Stepping ~*~*~tactically~*~*~ (hiding).
 10039 | Lair:2   | 10039 ||| Stepping ~*~*~tactically~*~*~ (hiding).
 10102 | Lair:2   | 10102 ||| READING scroll of enchant weapon.
 10102 | Lair:2   | 10102 ||| ENCHANTING +1 war axe of flaming.
 10111 | Lair:2   | 10111 ||| INVOKING Heroism.
 10140 | Lair:2   | 10140 ||| INVOKING Heroism.
 10144 | Lair:2   | 10144 ||| Stepping ~*~*~tactically~*~*~ (stealth).
 10146 | Lair:2   | 10146 ||| Stepping ~*~*~tactically~*~*~ (stealth).
 10174 | Lair:2   | Reached skill level 12 in Axes
 10309 | Lair:2   | Found a staircase to the Shoals.
 10324 | Lair:2   | Reached skill level 6 in Invocations
 10457 | Lair:2   | 10457 ||| INVOKING Heroism.
 10507 | Lair:2   | Noticed a catoblepas
 10508 | Lair:2   | 10508 ||| INVOKING Heroism.
 10516 | Lair:2   | Killed a catoblepas
 10635 | Lair:2   | 10635 ||| INVOKING Heroism.
 10830 | Lair:2   | 10830 ||| DROPPING scarf of harm.
 10831 | Lair:2   | 10831 ||| READING 2 scrolls of identify.
 10831 | Lair:2   | 10831 ||| IDENTIFYING dark potion
 10832 | Lair:2   | 10832 ||| DROPPING potion of ambrosia.
 10862 | Lair:3   | Noticed a boulder beetle
 10863 | Lair:3   | 10863 ||| INVOKING Heroism.
 10871 | Lair:3   | Killed a boulder beetle
 10884 | Lair:3   | 10884 ||| INVOKING Heroism.
 10887 | Lair:3   | Reached skill level 9 in Armour
 10924 | Lair:3   | 10924 ||| INVOKING Heroism.
 10926 | Lair:3   | 10926 ||| Stepping ~*~*~tactically~*~*~ (stealth).
 10928 | Lair:3   | Reached skill level 3 in Throwing
 10928 | Lair:3   | 10928 ||| Stepping ~*~*~tactically~*~*~ (stealth).
 10943 | Lair:3   | 10943 ||| Stepping ~*~*~tactically~*~*~ (stealth).
 11072 | Lair:3   | Noticed a death yak
 11073 | Lair:3   | 11073 ||| Stepping ~*~*~tactically~*~*~ (stealth).
 11075 | Lair:3   | 11075 ||| Stepping ~*~*~tactically~*~*~ (stealth).
 11079 | Lair:3   | 11079 ||| INVOKING Heroism.
 11083 | Lair:3   | 11083 ||| Stepping ~*~*~tactically~*~*~ (hiding).
 11104 | Lair:3   | Killed a death yak
 11121 | Lair:3   | 11121 ||| INVOKING Heroism.
 11143 | Lair:3   | Reached XP level 13. HP: 42/81 MP: 19/19
 11153 | Lair:3   | 11153 ||| FLEEEEING.
 11154 | Lair:3   | 11154 ||| FLEEEEING.
 11155 | Lair:3   | 11155 ||| FLEEEEING.
 11156 | Lair:3   | 11156 ||| FLEEEEING.
 11157 | Lair:3   | 11157 ||| FLEEEEING.
 11158 | Lair:3   | 11158 ||| FLEEEEING.
 11159 | Lair:3   | 11159 ||| FLEEEEING.
 11160 | Lair:3   | 11160 ||| FLEEEEING.
 11161 | Lair:3   | 11161 ||| FLEEEEING.
 11167 | Lair:3   | 11167 ||| FLEEEEING.
 11168 | Lair:3   | 11168 ||| FLEEEEING.
 11169 | Lair:3   | 11169 ||| FLEEEEING.
 11170 | Lair:3   | 11170 ||| FLEEEEING.
 11171 | Lair:3   | 11171 ||| FLEEEEING.
 11172 | Lair:3   | 11172 ||| FLEEEEING.
 11173 | Lair:3   | 11173 ||| FLEEEEING.
 11176 | Lair:3   | 11176 ||| INVOKING Heroism.
 11204 | Lair:3   | 11204 ||| INVOKING Heroism.
 11472 | Lair:3   | 11472 ||| Stepping ~*~*~tactically~*~*~ (hiding).
 11486 | Lair:3   | 11486 ||| INVOKING Heroism.
 11588 | Lair:3   | 11588 ||| INVOKING Heroism.
 11593 | Lair:3   | 11593 ||| Stepping ~*~*~tactically~*~*~ (water).
 11787 | Lair:3   | Identified the +8 chain mail of the Lion {rN+ Dex+2}
 11824 | Lair:3   | 11824 ||| Stepping ~*~*~tactically~*~*~ (hiding).
 11825 | Lair:3   | 11825 ||| Stepping ~*~*~tactically~*~*~ (hiding).
 11831 | Lair:3   | Reached skill level 9 in Invocations
 11912 | Lair:3   | Found a staircase to the Snake Pit.
 12398 | Lair:3   | 12398 ||| UPGRADING to +8 chain mail of the Lion {rN+
                  | Dex+2}.
 12408 | Lair:3   | 12408 ||| UPGRADING to +0 pair of boots.
 12413 | Lair:3   | 12413 ||| DROPPING +0 plate armour.
 12437 | Lair:4   | 12437 ||| Stepping ~*~*~tactically~*~*~ (stealth).
 12439 | Lair:4   | 12439 ||| Stepping ~*~*~tactically~*~*~ (stealth).
 12441 | Lair:4   | 12441 ||| Stepping ~*~*~tactically~*~*~ (stealth).
 12442 | Lair:4   | 12442 ||| Stepping ~*~*~tactically~*~*~ (stealth).
 12459 | Lair:4   | Received a gift from Okawaru
 12656 | Lair:4   | 12656 ||| INVOKING Heroism.
 12695 | Lair:4   | 12695 ||| Stepping ~*~*~tactically~*~*~ (stealth).
 12696 | Lair:4   | 12696 ||| Stepping ~*~*~tactically~*~*~ (stealth).
 12698 | Lair:4   | Reached ***** piety under Okawaru
 12709 | Lair:4   | 12709 ||| INVOKING Heroism.
 12741 | Lair:4   | 12741 ||| Stepping ~*~*~tactically~*~*~ (stealth).
 12812 | Lair:4   | 12812 ||| READING scroll of enchant weapon.
 12812 | Lair:4   | 12812 ||| ENCHANTING +2 war axe of flaming.
 13006 | Lair:4   | 13006 ||| INVOKING Heroism.
 13103 | Lair:4   | 13103 ||| Stepping ~*~*~tactically~*~*~ (stealth).
 13108 | Lair:4   | Reached skill level 13 in Axes
 13133 | Lair:4   | 13133 ||| Stepping ~*~*~tactically~*~*~ (stealth).
 13134 | Lair:4   | 13134 ||| Stepping ~*~*~tactically~*~*~ (stealth).
 13163 | Lair:4   | 13163 ||| Stepping ~*~*~tactically~*~*~ (stealth).
 13207 | Lair:4   | Found a staircase to the Slime Pits.
 13362 | Lair:4   | 13362 ||| DROPPING amulet of guardian spirit.
 13363 | Lair:4   | 13363 ||| DROPPING ring of magical power.
 13364 | Lair:4   | 13364 ||| READING 3 scrolls of identify.
 13364 | Lair:4   | 13364 ||| IDENTIFYING fuming black potion
 13365 | Lair:4   | 13365 ||| DROPPING potion of berserk rage.
 13379 | Lair:5   | Entered Level 5 of the Lair of Beasts
 13388 | Lair:5   | 13388 ||| INVOKING Heroism.
 13481 | Lair:5   | 13481 ||| INVOKING Heroism.
 13554 | Lair:5   | 13554 ||| Stepping ~*~*~tactically~*~*~ (stealth).
 13557 | Lair:5   | 13557 ||| INVOKING Heroism.
 13605 | Lair:5   | 13605 ||| Stepping ~*~*~tactically~*~*~ (stealth).
 13607 | Lair:5   | 13607 ||| INVOKING Heroism.
 13611 | Lair:5   | 13611 ||| Stepping ~*~*~tactically~*~*~ (hiding).
 13613 | Lair:5   | 13613 ||| Stepping ~*~*~tactically~*~*~ (hiding).
 13627 | Lair:5   | 13627 ||| INVOKING Heroism.
 13702 | Lair:5   | 13702 ||| INVOKING Heroism.
 13709 | Lair:5   | Killed from afar by a rime drake

Levels and vault maps discovered:
D:1:      co_arrival_random_square_maze, layout_basic, basic_ecumenical_altar,
          hangedman_decor_points, minmay_misc_feat_nine_boxes,
          minmay_pentomino_s4
D:2:      layout_basic, basic_altar, st_stairs_5
D:3:      layout_basic, slow_altar_1, nicolae_yredelemnul_ghost_church,
          hangedman_decor_growths, uniq_jessica, uniq_sigmund
D:4:      layout_gridville, gammafunk_ghost_arena
D:5:      minmay_diamond_boxcup, layout_loops_ring,
          nicolae_qazlal_scattered_showers, minmay_temple_entry_butterflies
D:6:      layout_basic, dk_xom_monty_hall, minmay_ruffians, uniq_edmund
D:7:      layout_loops_corners, st_stairs_11
D:8:      layout_loops_ring
D:9:      layout_gridville, gammafunk_temple_overflow_statue,
          minmay_lair_entry_grove, serial_shops, shop
Temple:   lightli_temple_of_artemis
Lair:1:   layout_hall_layers, small_statue_intersection
Lair:2:   wad_woods_structure_01, layout_long_grid, minmay_shoals_entry_hut,
          chequers_serial_rivers_room_a
Lair:3:   dreamdust_isle_of_ice, layout_chaotic_city,
          nicolae_snake_entry_squirm, grunt_megastairs_2, serial_bayou_shore_a
Lair:4:   layout_roguey, dpeg_slime_entry_enclosed, beast_lair_carwin_4
Lair:5:   gammafunk_lair_ancient_temple, layout_regular_city, lemuel_fruit_tree

Skill      XL: |  1  2  3  4  5  6  7  8  9 10 11 12 13 |
---------------+----------------------------------------+-----
Axes           | 2 3 4 5 6 7 9 10 11 12 13 | 13.3
Fighting       | 4 5 6 7 8 9 10 | 10.0
Dodging        | 1 3 |  3.1
Throwing       | 1 3 |  3.6
Armour         | 4 5 6 8 9 |  9.0
Shields        | 4 5 10 11 | 11.0
Invocations    | 3 4 8 10 | 10.0

Action                     |  1- 3 |  4- 6 |  7- 9 | 10-12 | 13-15 || total
---------------------------+-------+-------+-------+-------+-------++-------
  Melee: War axe           |   106 |    76 |   300 |   464 |   248 ||  1194
  Throw: Boomerang         |       |       |    55 |   106 |    26 ||   187
         Javelin           |       |       |       |     9 |    10 ||    19
 Invoke: Heroism           |       |       |     8 |    25 |    13 ||    46
    Use: Scroll            |     4 |     5 |    11 |     8 |     2 ||    30
         Potion            |       |       |     6 |     1 |       ||     7
 Armour: Scale mail        |    44 |    38 |    80 |       |       ||   162
         Chain mail        |       |       |    73 |   122 |    67 ||   262
         Plate armour      |       |       |       |   123 |    32 ||   155
  Dodge: Dodged            |    46 |    40 |    98 |   127 |    62 ||   373
  Block: Buckler           |    15 |     7 |    57 |    32 |       ||   111
         Kite shield       |       |       |       |   118 |   108 ||   226

Table legend:
 A = Non-vault XP
 B = Vault XP
 C = Vault XP percentage of total XP
 D = Non-vault monster count
 E = Vault monster count
 F = Vault count percentage of total count
                 A         B        C        D         E       F
            +---------+---------+-------+---------+---------+-------
      Total |   31324 |   16318 |  34.3 |     291 |      80 |  21.6
            +---------+---------+-------+---------+---------+-------
        D:1 |      38 |       4 |   9.5 |      20 |       3 |  13.0
        D:2 |      21 |       2 |   8.7 |      11 |       1 |   8.3
        D:3 |     131 |     333 |  71.8 |      21 |       5 |  19.2
        D:4 |     462 |       0 |   0.0 |      26 |       0 |   0.0
        D:5 |     783 |     390 |  33.2 |      25 |       6 |  19.4
        D:6 |    1092 |    1025 |  48.4 |      21 |       8 |  27.6
        D:7 |     784 |     193 |  19.8 |      16 |       3 |  15.8
        D:8 |     354 |       0 |   0.0 |      10 |       0 |   0.0
        D:9 |    2175 |    1713 |  44.1 |      28 |      13 |  31.7
     Lair:1 |    7895 |       0 |   0.0 |      38 |       0 |   0.0
     Lair:2 |    5389 |    2357 |  30.4 |      26 |       7 |  21.2
     Lair:3 |    3287 |    6642 |  66.9 |      15 |      23 |  60.5
     Lair:4 |    8052 |    1654 |  17.0 |      31 |       6 |  16.2
     Lair:5 |     861 |    2005 |  70.0 |       3 |       5 |  62.5
            +---------+---------+-------+---------+---------+-------
